 Dungeon Crawl Stone Soup version 0.20.1-1-g8b1a95d (webtiles) character file.

125911 Ladykiller69 the Brawler (level 16, -2/163 HPs)
             Began as a Troll Monk on July 15, 2017.
             Was the Champion of Ru.
             Slain by an entropy weaver (12 damage)
             ... on level 3 of the Lair of Beasts on July 16, 2017.
             The game lasted 01:20:33 (20871 turns).

Ladykiller69 the Brawler (Troll Monk)              Turns: 20871, Time: 01:20:34

Health: -2/163     AC:  3    Str: 25    XL:     16   Next: 42%
Magic:  15/22      EV: 16    Int:  6    God:    Ru [******]
Gold:   2522       SH:  0    Dex: 15    Spells: 25/25 levels left

rFire    + . .     SeeInvis .     - Unarmed
rCold    + . .     Gourm    +   (shield unavailable)
rNeg     . . .     Faith    .   S - +0 troll leather armour
rPois    .         Spirit   .   (helmet restricted)
rElec    .         Reflect  .   E - scarf {rC+ rF+}
rCorr    .         Harm     .   (gloves unavailable)
MR       ++...                  (boots unavailable)
Stlth    +.........             (no amulet)
Regen    1.2/turn               (ring unavailable)
MPRegen  0.2/turn               P - ring of protection from magic

@: exhausted, corroded, drained
A: unfitting armour, claws 3, fast metabolism 3, gourmand, regeneration 1,
shaggy fur 1, tough skin 2, missing a hand, hated by all, inexperienced 1
a: Draw Out Power, Power Leap, Apocalypse, Renounce Religion


You were on level 3 of the Lair of Beasts.
You worshipped Ru.
Ru was exalted by your worship.
You were full.

You visited 5 branches of the dungeon, and saw 24 of its levels.
You also visited: Sewer.

You collected 2582 gold pieces.
You spent 60 gold pieces at shops.

Inventory:

Missiles
 f - a throwing net
 l - 4 poisoned tomahawks
 w - 4 large rocks
 I - 5 javelins
 V - 28 tomahawks (quivered)
 W - 2 tomahawks of dispersal
Armour
 a - a +1 robe of magic resistance
 E - a scarf of resistance (worn)
 S - a +0 troll leather armour (worn)
Jewellery
 B - a +3 ring of protection
 P - a ring of protection from magic (right claw)
 R - an uncursed ring of positive energy
 U - an uncursed ring of resist corrosion
Wands
 r - a wand of confusion (23/48)
 y - a wand of polymorph (11/24)
 G - a wand of confusion (39/48)
 L - a wand of lightning (7/15)
 Q - a wand of paralysis (13/24)
Scrolls
 e - 5 scrolls of enchant armour
 g - a scroll of vulnerability {unknown}
 k - 6 scrolls of fog
 m - 2 scrolls of immolation
 o - 4 scrolls of amnesia
 q - 10 scrolls of teleportation
 s - 7 scrolls of remove curse
 v - a scroll of random uselessness {unknown}
 A - a scroll of acquirement {unknown}
 F - 2 scrolls of recharging
 H - 2 scrolls of fear {unknown}
 M - a scroll of holy word {unknown}
 O - a scroll of blinking {unknown}
 X - 2 scrolls of brand weapon
 Y - 5 scrolls of magic mapping
 Z - a scroll of torment {unknown}
Potions
 c - 4 potions of lignification
 d - 4 potions of might
 i - 2 potions of resistance
 j - 7 potions of curing
 n - 4 potions of mutation
 p - 3 potions of heal wounds
 u - a potion of agility {unknown}
 x - a potion of flight {unknown}
 C - 4 potions of brilliance
 D - 2 potions of berserk rage {unknown}
 K - 3 potions of cancellation
 N - 2 potions of haste {unknown}
 T - a potion of invisibility {unknown}
Miscellaneous
 J - a fan of gales
Comestibles
 b - 15 bread rations
 h - 13 meat rations
 t - 15 royal jellies
 z - 16 fruits


   Skills:
 + Level 11.5(10.5) Fighting
 + Level 7.2(6.3) Throwing
 + Level 2.4(1.5) Armour
 + Level 11.3(10.3) Dodging
 - Level 1.0(0.2) Stealth
 * Level 18.1(16.9) Unarmed Combat
 - Level 5.0(4.2) Spellcasting


You had 25 spell levels left.
You didn't know any spells.

Dungeon Overview and Level Annotations

Branches:
Dungeon (14/15)            Temple (1/1) D:5            Lair (6/6) D:11
  Swamp (0/4) Lair:3       Spider (1/4) Lair:3        Slime (0/5) Lair:5
    Orc (2/2) D:9             Elf (0/3) Orc:2
 Vaults: D:13-14

Altars:
Ashenzari
Cheibriados
Dithmenos
Elyvilon
Fedhas
Gozag
Hepliaklqana
Kikubaaqudgha
Makhleb
Nemelex Xobeh
Okawaru
Qazlal
Ru
Sif Muna
Trog
Uskayaw
Vehumet
Xom
Yredelemnul
Zin
The Shining One
Beogh
Jiyva

Shops:
D:4 =   D:8 !   Orc:1 =   Orc:2 :[*(

Annotations:
D:8 exclusion: oklob plant
D:14 Snorg
Lair:1 exclusions: electric eel and 2 more exclusions
Lair:2 exclusions: electric eel and 3 more exclusions
Lair:6 exclusion: oklob plant


Innate Abilities, Weirdness & Mutations

You are too large for most types of armour.
You have claws for hands.
Your metabolism is lightning-fast.
You like to eat raw meat.
Your natural rate of healing is unusually fast.
You are covered in fur. (AC +1)
You have very tough skin. (AC +2)
You are missing a hand.
You are hated by all.
You are somewhat inexperienced. (-2 XL)


Message History

You focus your will and illuminate the entropy weaver in retribution!
You climb upwards.
Welcome back to the Lair of Beasts!
There is a hole to the Spider Nest, spattered with blood here.
Unknown command.
You claw the orb spider!
The orb spider is almost dead.
You mangle the orb spider!!
You kill the orb spider!
You mangle the entropy weaver!!
The entropy weaver is severely wounded.
The entropy weaver hits you.
* * * LOW HITPOINT WARNING * * *
The entropy weaver hits you.
* * * LOW HITPOINT WARNING * * *
The entropy weaver misses you. The entropy weaver hits you.
* * * LOW HITPOINT WARNING * * *
You barely miss the entropy weaver.
The entropy weaver is severely wounded.
The entropy weaver hits you!
You die...

....#........................#
.............................##
............................#.#
.......................#....###
.............#.....>)...#...P#
...(..........#.......###...##
..............######..P##...#
......#......##....#........###
...........###..@.##..........#
...........#^^..a†#...........#
..........##..^^.##...........#
P........##^^.^.##......#....##
P.......##.^.^.##.......#....##
P............####..P..♣♣≈♣....##
.=..#......#### #..#.♣≈§§§≈♣...#
...##.....##P.###..♣♣§≈§§≈≈≈≈♣.##
..........#........≈≈§≈§§≈≈≈≈≈..#


You could see an entropy weaver (blind).

Vanquished Creatures
  Saint Roka (Orc:2)
  The ghost of Dyss the Devastator, an adept TeCj of Vehumet (D:14)
  An orc warlord (Orc:2)
  A ghost moth (Spider:1)
  An entropy weaver (Lair:3)
  A yaktaur captain (D:14)
  Erolcha (D:9)
  Harold (Orc:1)
  4 hydras
  9 death yaks
  A catoblepas (D:13)
  5 two-headed ogres
  An orc high priest (Orc:2)
  A tengu warrior (D:11)
  Nergalle (Orc:2)
  Pikel (D:6)
  5 orc knights
  A wolf spider (Lair:3)
  7 ugly things
  3 orb spiders
  A manticore (D:14)
  3 orc sorcerers (Orc:2)
  A cyclops (D:12)
  The ghost of vishdafish the Grave Robber, a novice HuNe (D:6)
  A black mamba (Lair:6)
  2 centaur zombies
  A deep elf mage (D:13)
  24 elephants
  34 spiny frogs
  4 rime drakes (Lair:4)
  8 komodo dragons
  A demonic crawler (Spider:1)
  A queen bee (Lair:5)
  3 meliai (Lair:5)
  4 tyrant leeches (Lair:6)
  4 jumping spiders
  2 hornets
  4 trolls
  2 polar bears
  3 slime creatures (D:12)
  24 blink frogs
  6 dream sheep (Lair:6)
  12 hippogriffs
  13 redbacks
  2 wraiths
  11 wyverns
  29 yaks
  A water elemental (D:14)
  3 hungry ghosts
  8 basilisks
  A steam dragon (D:8)
  8 vampire mosquitoes
  7 water moccasins
  9 wargs
  3 sky beasts
  4 porcupines
  3 ice beasts
  44 orc warriors
  2 black bears
  A phantom (D:8)
  An eye of draining (D:12)
  16 wolves
  8 ogres
  4 centaurs
  8 crocodiles
  2 big kobolds
  29 bullfrogs
  A gnoll sergeant (D:6)
  A wyvern zombie (D:9)
  3 scorpions
  25 killer bees
  8 wights
  A howler monkey (D:9)
  2 electric eels
  4 crimson imps
  3 bullfrog zombies
  4 jellies
  A quasit (D:6)
  19 orc priests
  Crazy Yiuf (D:7)
  5 hounds
  3 bullfrog skeletons
  5 centaur skeletons
  26 orc wizards
  Natasha (D:2)
  4 iguanas
  2 hell rats (Lair:1)
  9 worker ants
  2 hound zombies
  2 hound skeletons
  8 gnolls
  A howler monkey skeleton (D:7)
  12 adders
  8 river rats
  2 shadow imps (D:7)
  An ooze (D:3)
  An adder skeleton (D:9)
  An adder zombie (D:9)
  2 worms
  3 dart slugs
  9 leopard geckos
  128 orcs
  4 giant cockroaches
  3 goblins
  10 hobgoblins
  22 jackals
  16 kobolds
  5 quokkas
  5 ball pythons
  5 bats
  7 frilled lizards
  A leopard gecko skeleton (D:7)
  A quokka zombie (D:8)
  13 rats
  2 fungi (Lair:4)
  4 plants
816 creatures vanquished.

Vanquished Creatures (others)
  A death yak (D:11)
  An orc sorcerer (Orc:2)
  A spiny frog (Lair:6)
  A hornet (Spider:1)
  A hippogriff (D:10)
  A bullfrog (D:14)
  An orc wizard (Orc:2)
  An ooze (D:6)
  2 orcs
  12 fungi
  32 plants
54 creatures vanquished.

Grand Total: 870 creatures vanquished

Notes
Turn   | Place    | Note
-------+----------+-------------------------------------------
     0 | D:1      | Ladykiller69 the Troll Monk began the quest for the Orb.
     0 | D:1      | Reached XP level 1. HP: 22/22 MP: 0/0
   140 | D:1      | Reached XP level 2. HP: 29/29 MP: 1/1
   401 | D:1      | Reached XP level 3. HP: 36/36 MP: 2/2
  1207 | D:3      | Reached XP level 4. HP: 43/44 MP: 1/3
  1222 | D:3      | Reached skill level 4 in Unarmed Combat
  1247 | D:3      | Noticed Natasha
  1261 | D:2      | Killed Natasha
  1261 | D:2      | Reached XP level 5. HP: 24/53 MP: 2/4
  1771 | D:4      | Found a glowing drain.
  1780 | Sewer    | Entered a sewer
  2061 | D:4      | Reached XP level 6. HP: 62/62 MP: 5/5
  2079 | D:4      | Reached skill level 5 in Unarmed Combat
  2334 | D:4      | Found Tuxoal's Jewellery Emporium.
  3067 | D:5      | Entered Level 5 of the Dungeon
  3082 | D:5      | Reached XP level 7. HP: 58/70 MP: 4/6
  3286 | D:5      | Reached skill level 6 in Unarmed Combat
  3344 | D:5      | Found a staircase to the Ecumenical Temple.
  3358 | Temple   | Entered the Ecumenical Temple
  3462 | Temple   | Became a worshipper of Ru the Awakened
  3476 | D:5      | Gained mutation: You are missing a hand. [Ru sacrifice]
  3476 | D:5      | Reached * piety under Ru
  3476 | D:5      | Reached ** piety under Ru
  3476 | D:5      | Reached *** piety under Ru
  3924 | D:6      | Found a shadowy altar of Dithmenos.
  3944 | D:6      | Found a basalt altar of Yredelemnul.
  3976 | D:6      | Noticed vishdafish's ghost (novice HuNe)
  3988 | D:6      | Killed vishdafish's ghost
  3988 | D:6      | Reached skill level 5 in Fighting
  3988 | D:6      | Reached skill level 7 in Unarmed Combat
  3988 | D:6      | Reached XP level 8. HP: 42/80 MP: 4/7
  4140 | D:6      | Reached skill level 5 in Dodging
  4140 | D:6      | Reached skill level 8 in Unarmed Combat
  4274 | D:6      | Noticed Pikel
  4282 | D:6      | Killed Pikel
  4282 | D:6      | Reached XP level 9. HP: 72/89 MP: 6/8
  4614 | D:6      | Reached skill level 9 in Unarmed Combat
  4671 | D:7      | Found a blossoming altar of Fedhas.
  4735 | D:7      | Found an opulent altar of Gozag.
  5020 | D:7      | Gained mutation: You are somewhat inexperienced. (-2 XL) [Ru sacrifice]
  5020 | D:7      | Reached XP level 8. HP: 83/83 MP: 7/7
  5020 | D:7      | Reached XP level 7. HP: 75/75 MP: 6/6
  5020 | D:7      | Reached **** piety under Ru
  5020 | D:7      | Reached ***** piety under Ru
  5022 | D:7      | Found a runed door.
  5026 | D:7      | Noticed Crazy Yiuf
  5030 | D:7      | Killed Crazy Yiuf
  5141 | D:7      | Found a faded altar of an unknown god.
  5141 | D:7      | Found a hide-covered altar of Uskayaw.
  5148 | D:7      | Found a stormy altar of Qazlal.
  5150 | D:7      | Found an iron altar of Okawaru.
  5152 | D:7      | Found a radiant altar of Vehumet.
  5279 | D:8      | Noticed a two-headed ogre
  5310 | D:8      | Noticed a hungry ghost
  5315 | D:8      | Killed a hungry ghost
  5348 | D:8      | Found a shadowy altar of Dithmenos.
  5349 | D:8      | Noticed an oklob plant
  5422 | D:8      | Reached XP level 8. HP: 74/83 MP: 7/7
  5464 | D:8      | Found Imias's Distillery.
  5488 | D:8      | Bought a potion of heal wounds for 60 gold pieces
  5567 | D:8      | Reached skill level 10 in Unarmed Combat
  5890 | D:8      | Noticed a two-headed ogre
  5937 | D:8      | Killed a two-headed ogre
  5937 | D:8      | Reached XP level 9. HP: 57/92 MP: 0/8
  6165 | D:9      | Found a roughly hewn altar of Beogh.
  6165 | D:9      | Found a staircase to the Orcish Mines.
  6412 | D:8      | Killed a two-headed ogre
  6460 | D:8      | Reached skill level 11 in Unarmed Combat
  6627 | D:9      | Noticed Erolcha
  6663 | D:9      | Killed Erolcha
  6663 | D:9      | Reached XP level 10. HP: 70/102 MP: 2/9
  6726 | D:9      | Gained mutation: You are hated by all. [Ru sacrifice]
  6726 | D:9      | Reached ****** piety under Ru
  6734 | D:9      | Found a roughly hewn altar of Beogh.
  7069 | D:10     | Entered Level 10 of the Dungeon
  7103 | D:10     | Reached skill level 12 in Unarmed Combat
  7763 | D:11     | Noticed a death yak
  7984 | D:11     | Noticed a death yak
  7984 | D:11     | Noticed a death yak
  7987 | D:11     | Noticed a death yak
  7991 | D:11     | Noticed a death yak
  7992 | D:11     | Noticed a death yak
  8009 | D:11     | Killed a death yak
  8009 | D:11     | Reached XP level 11. HP: 72/111 MP: 10/10
  8010 | D:11     | Noticed a death yak
  8018 | D:11     | Killed a death yak
  8122 | D:11     | Found a staircase to the Lair.
  8304 | D:11     | Killed a death yak
  8304 | D:11     | Reached skill level 13 in Unarmed Combat
  8584 | D:10     | Killed a death yak
  8610 | D:11     | Killed a death yak
  8629 | D:11     | Killed a death yak
  8775 | D:11     | Noticed a tengu warrior
  8781 | D:11     | Killed a tengu warrior
  9067 | D:11     | Noticed a purple ugly thing
  9077 | D:11     | Killed a purple ugly thing
  9108 | Lair:1   | Entered Level 1 of the Lair of Beasts
  9542 | Lair:1   | Reached skill level 14 in Unarmed Combat
  9636 | Lair:1   | Reached XP level 12. HP: 77/123 MP: 11/11
 10431 | Lair:2   | Reached skill level 1 in Spellcasting
 11292 | Lair:3   | Found a staircase to the Swamp.
 11549 | Lair:3   | Found a hole to the Spider Nest.
 11558 | Lair:3   | Reached skill level 15 in Unarmed Combat
 11992 | Lair:4   | Noticed a seven-headed hydra
 12046 | Lair:4   | Reached XP level 13. HP: 68/132 MP: 15/15
 12334 | Lair:4   | Reached skill level 10 in Dodging
 12854 | Lair:4   | Reached skill level 10 in Fighting
 13119 | Lair:5   | Found a viscous altar of Jiyva.
 13123 | Lair:5   | Found a staircase to the Slime Pits.
 13483 | Lair:5   | Reached skill level 16 in Unarmed Combat
 13504 | Lair:5   | HP: 4/133 [wolf (5)]
 14111 | Lair:6   | Entered Level 6 of the Lair of Beasts
 14229 | Lair:6   | HP: 1/135 [spiny frog (10)]
 14551 | Lair:6   | Reached XP level 14. HP: 40/144 MP: 19/19
 16023 | Lair:6   | Reached skill level 5 in Spellcasting
 16365 | Lair:5   | Reached skill level 5 in Throwing
 16365 | Lair:5   | Reached XP level 15. HP: 138/152 MP: 21/21
 16689 | D:12     | Reached skill level 17 in Unarmed Combat
 18156 | D:14     | Noticed Dyss's ghost (adept TeCj)
 18185 | D:14     | Killed Dyss's ghost
 18206 | D:14     | Noticed Snorg
 18649 | Orc:1    | Entered Level 1 of the Orcish Mines
 18649 | Orc:1    | Noticed Harold
 18652 | Orc:1    | Killed Harold
 18870 | Orc:1    | Found Cuuniorgh's Jewellery Boutique.
 18961 | Orc:2    | Entered Level 2 of the Orcish Mines
 18963 | Orc:2    | Found a staircase to the Elven Halls.
 19130 | Orc:2    | Reached XP level 16. HP: 162/162 MP: 22/22
 19219 | Orc:1    | Found a radiant altar of Vehumet.
 19879 | Orc:2    | Noticed Nergalle
 19911 | Orc:2    | Killed Nergalle
 19952 | Orc:2    | Found a roughly hewn altar of Beogh.
 19953 | Orc:2    | Noticed Saint Roka
 19956 | Orc:2    | Found Dossoq's Antique Weapon Boutique.
 19965 | Orc:2    | Killed Saint Roka
 19965 | Orc:2    | Reached skill level 1 in Armour
 19970 | Orc:2    | Found Seeqaph's General Store.
 19976 | Orc:2    | Found Qutusena's Book Boutique.
 20013 | Orc:2    | Found Ceocwof's Antique Armour Boutique.
 20772 | Spider:1 | Entered Level 1 of the Spider Nest
 20777 | Lair:3   | Reached skill level 18 in Unarmed Combat
 20839 | Spider:1 | Paralysed by a hornet for 2 turns
 20857 | Spider:1 | Paralysed by a hornet for 3 turns
 20871 | Lair:3   | Slain by an entropy weaver

Skill      XL: |  1  2  3  4  5  6  7  8  9 10 11 12 13 14 15 16 |
---------------+-------------------------------------------------+-----
Dodging        | 3 6 5 7 8 9 10 11 | 11.3
Fighting       | 3 4 5 7 8 9 10 11 | 11.5
Unarmed Combat | 4 5 7 10 11 12 14 15 16 17 18 | 18.1
Spellcasting   | 2 4 5 |  5.0
Throwing       | 5 6 7 |  7.2
Armour         | 2 |  2.4
Stealth        | |  1.0

Action                   |  1- 3 |  4- 6 |  7- 9 | 10-12 | 13-15 | 16-18 || total
-------------------------+-------+-------+-------+-------+-------+-------++-------
Melee: Unarmed           |    99 |   167 |   325 |   584 |   907 |   238 ||  2320
       Punch             |       |     3 |       |       |       |       ||     3
Invok: Sacrifice a Hand  |       |       |     1 |       |       |       ||     1
       Sacrifice Experie |       |       |     1 |       |       |       ||     1
       Power Leap        |       |       |     6 |     8 |     9 |     8 ||    31
       Apocalypse        |       |       |       |     1 |     4 |     2 ||     7
       Sacrifice Love    |       |       |       |     1 |       |       ||     1
       Draw Out Power    |       |       |       |       |     1 |       ||     1
  Use: Scroll            |       |       |       |    14 |     9 |       ||    23
       Potion            |       |       |       |       |     4 |     1 ||     5
 Stab: Sleeping          |     2 |     2 |     4 |     1 |     3 |       ||    12
       Invisible         |       |       |     5 |     5 |    16 |     7 ||    33
       Distracted        |       |       |     1 |       |     8 |     1 ||    10
       Paralysed         |       |       |       |    12 |    36 |    15 ||    63
       Petrified         |       |       |       |       |     2 |       ||     2
       Petrifying        |       |       |       |       |     1 |       ||     1
  Eat: Chunk             |    14 |    18 |    36 |    53 |    62 |    16 ||   199
Armor: Robe              |    30 |    64 |    57 |    62 |    89 |       ||   302
       Troll leather arm |       |       |       |       |       |    31 ||    31
Dodge: Dodged            |    59 |   116 |   161 |   269 |   442 |   154 ||  1201
